 Dungeon Crawl Stone Soup version 0.30-a0-29-g142975f185 (webtiles) character file.

Game seed: 1076638207680361192

321770 Spectrina the Eclecticist (level 22, -4/159 HPs)
             Began as a Djinni Venom Mage on Aug 24, 2022.
             Was the Champion of Yredelemnul.
             Shot with a bolt by a yaktaur captain (33 damage)
             ... on level 2 of the Vaults on Aug 26, 2022.
             The game lasted 05:44:39 (24597 turns).

Spectrina the Eclecticist (Djinni Venom Mage)      Turns: 24597, Time: 05:44:40

Health: -4/159     AC: 14    Str:  5    XL:     22   Next: 49%
Gold:   1041       EV: 21    Int: 31    God:    Yredelemnul [******] SH: 10 Dex: 19

rFire   + + .      SeeInvis .    e - staff of cold {!a}
rCold   . . .      Faith    +    Y - +3 warlock's mirror {reflect}
rNeg    . . .      Spirit   .    Q - +0 troll leather armour
rPois   ∞          Reflect  +    (helmet restricted)
rElec   .          Harm     .    w - +2 cloak
rCorr   .          Rampage  .    C - +2 pair of gloves {Stlth+}
Will    ++...                    (boots unavailable)
Stlth   ++++++....               f - amulet of faith
HPRegen 1.16/turn                p - +4 ring of protection
MPRegen 0.00/turn                u - +6 ring of intelligence

@: flying
A: sickness immunity, fire resistance 2, cold vulnerability 1, float, innate
caster, HP casting, extra vitality 1, horns 1, thin skeletal structure 1, weak 1
}: 2/15 runes: serpentine, barnacled
a: Renounce Religion, Recall Undead Harvest, Dark Bargain, Drain Life, Bind Soul


You were on level 2 of the Vaults.
You worshipped Yredelemnul.
Yredelemnul was pleased with you.
You visited 7 branches of the dungeon, and saw 32 of its levels.
You visited the Abyss 1 time.
You also visited: Sewer.

You collected 3413 gold pieces.
You spent 2372 gold pieces at shops.

Inventory:

Hand Weapons
 g - a +4 demon trident of freezing
 S - the +5 dagger "Buaf" {freeze, rC+ SInv Stlth+}
   (You bought it in a shop on level 3 of the Snake Pit)

   It freezes those it strikes, dealing additional cold damage.
   It can also slow down cold-blooded creatures.
   rC:        It protects you from cold.
   SInv:      It lets you see invisible.
   Stlth:     It makes you more stealthy.
Missiles
 G - 7 throwing nets
 H - 6 curare-tipped darts (quivered)
Armour
 w - a +2 cloak (worn)
 C - a +2 pair of gloves of stealth (worn)
 K - a +2 helmet of intelligence
 Q - a +0 troll leather armour (worn)
 Y - the +3 warlock's mirror (worn) {reflect}
   (You acquired it on level 4 of the Lair of Beasts)

   It can block and reflect piercing ranged attacks and magical attacks against
   the wielder's willpower.
Magical Staves
 e - a staff of cold (weapon) {!a}
 k - a staff of fire {!a}
 v - a staff of air {!a}
Jewellery
 f - an amulet of faith (around neck)
 p - a +4 ring of protection (left hand)
 r - a ring of willpower
 u - a +6 ring of intelligence (right hand)
 x - a ring of fire
 P - a ring of protection from cold
 T - a +4 ring of protection
Wands
 j - a wand of polymorph (10)
 o - a wand of digging (14)
 F - a wand of roots (28)
 I - a wand of quicksilver (31)
 M - a wand of mindburst (12)
 X - a wand of charming (17)
Scrolls
 a - 6 scrolls of fog
 c - 14 scrolls of teleportation
 h - 6 scrolls of fear
 l - 2 scrolls of silence
 q - 8 scrolls of vulnerability
 y - 12 scrolls of immolation
 z - 4 scrolls of magic mapping
 B - 4 scrolls of poison
 D - 2 scrolls of torment
 N - a scroll of blinking
 U - a scroll of summoning
 W - a scroll of acquirement
Potions
 b - 8 potions of haste
 d - 2 potions of resistance
 i - 10 potions of curing
 m - a potion of berserk rage
 s - 12 potions of brilliance
 t - 5 potions of might
 A - 9 potions of heal wounds
 E - 6 potions of attraction
 J - a potion of cancellation
 L - 3 potions of mutation
 O - 3 potions of invisibility
 Z - 8 potions of lignification
Miscellaneous
 n - a phantom mirror
 R - a phial of floods
 V - a condenser vane


   Skills:
 + Level 14.7 Fighting
 - Level 16.0 Dodging
 - Level 10.0 Stealth
 + Level 11.3 Shields
 * Level 18.9 Spellcasting
 + Level 14.6 Invocations


You had 3 spell levels left.
You knew the following spells:

 Your Spells              Type           Power      Damage    Failure   Level
a - Iron Shot             Conj/Erth      49%        9d9       1%          6
b - Storm Form            Tmut/Air       49%        N/A       1%          7
d - Sting                 Tmut/Pois      100%       1d8       0%          1
f - Conjure Flame         Conj/Fire      98%        6-21      0%          3
k - Tukima's Dance        Hex            98%        N/A       0%          3
l - Mephitic Cloud        Conj/Pois/Air  98%        N/A       0%          3
m - Statue Form           Tmut/Erth      65%        N/A       1%          6
n - Wereblood             Tmut           98%        N/A       0%          2
p - Summon Mana Viper     Hex/Summ       98%        N/A       1%          5
q - Poisonous Vapours     Pois/Air       100%       N/A       0%          2
r - Freezing Cloud        Conj/Ice/Air   60%        6-21      1%          5
w - Olgreb's Toxic Radia  Pois           98%        N/A       0%          4
x - Apportation           Tloc           100%       N/A       0%          1
V - Dragon Form           Tmut           49%        N/A       1%          7
Your spell library was empty.

Dungeon Overview and Level Annotations

Branches:
Dungeon (14/15)            Temple (1/1) D:5            Lair (5/5) D:9
 Shoals (4/4) Lair:3        Snake (4/4) Lair:3        Slime (0/5) Lair:4
    Orc (2/2) D:9             Elf (0/3) Orc:2        Vaults (2/5) D:14
  Sewer (visited)
  Crypt: Vaults:2-3

Altars:
Ashenzari
Cheibriados
Dithmenos
Elyvilon
Fedhas
Gozag
Hepliaklqana
Makhleb
Nemelex Xobeh
Okawaru
Qazlal
Ru
Trog
Uskayaw
Wu Jian
Xom
Yredelemnul
Zin
The Shining One
Jiyva

Shops:
D:6 *   D:14 :   Orc:2 :(*[   Shoals:1 =[*[   Shoals:2 (   Snake:2 =
Snake:3 (   Snake:4 =**(

Portals:
Abyss: D:12
Trove: Vaults:1 (give +7 demon blade)


Innate Abilities, Weirdness & Mutations

You are immune to sickness and miasma.
You are immune to poison.
Your flesh is very heat resistant. (rF++)
You are vulnerable to cold. (rC-)
You float through the air rather than walking.
You learn spells naturally, not from books.
Your magical power is your life essence.
You have superior vitality. (+4 MHP)
You have a pair of small horns on your head.
You have a somewhat thin skeletal structure. (Dex +2, Stealth+)
You are weak. (Str -2)


Message History

You destroy your bound ironbound frostheart!
The yaktaur captain zombie is engulfed in freezing vapours.
The yaktaur captain zombie hits your deep troll zombie.
The vault warden zombie hits your necromancer zombie!!
Your deep troll zombie is engulfed in freezing vapours.
Your deep troll zombie bites the yaktaur captain zombie!
Your deep troll zombie claws the yaktaur captain zombie. x2
Your ironbound preserver zombie is engulfed in freezing vapours.
Your ironbound preserver zombie hits the yaktaur captain zombie.
Your deep troll zombie is engulfed in freezing vapours.
Your deep troll zombie bites the yaktaur captain zombie!
Your deep troll zombie claws the yaktaur captain zombie! x2
Your necromancer zombie hits the vault warden zombie.
A yaktaur captain comes into view.
The yaktaur captain wields a +0 arbalest.
The yaktaur captain shoots a bolt.
The bolt hits your necromancer zombie!!
Your ironbound preserver zombie is engulfed in freezing vapours.
Your deep troll zombie is engulfed in freezing vapours.
Your ironbound preserver zombie is engulfed in freezing vapours.
The vault warden zombie closely misses your necromancer zombie.
The yaktaur captain zombie is engulfed in freezing vapours.
The yaktaur captain zombie barely misses your deep troll zombie.
Your ironbound preserver zombie is engulfed in freezing vapours.
Your ironbound preserver zombie hits the yaktaur captain zombie.
Your ironbound preserver zombie is engulfed in freezing vapours. x2
Your ironbound preserver zombie hits the yaktaur captain zombie!
Your deep troll zombie is engulfed in freezing vapours.
Your deep troll zombie bites the yaktaur captain zombie!
The yaktaur captain zombie is destroyed!
Your deep troll zombie is engulfed in freezing vapours.
Unknown command.
Casting: Iron Shot (mildly dangerous; 1% risk of failure)
Confirm with . or Enter, or press ? or * to list all spells.
Aiming: Freezing Cloud (safe; 1% risk of failure)
Press: ? - help, Dir - move target You feel a surge of power!
* * * LOW HITPOINT WARNING * * *
The yaktaur captain shoots a bolt.
The bolt hits you!!
You die...
Your body rises from the dead as a mindless zombie.

****,,**,,,,,,,,,*****,,,,,,,,,*
,,***,**,..c.....# **********,,*
,*,*,***,..§§§...#**,*,**,,,*,,*
*,,*,,**,..§§§§..+,,*,*,,,∩,*,,*
,,,+,>,+,..§§§...#**,*,**,,,*,,*
*,,*,,**.........# **********,,*
,*,*,***.........# **,,,,,,,,,*
,,***,*#..:..Z...# **,,,,,,,**
****,,*#......Z.@# *********
,,*,,,*#.§§ZZZZZ.#
,*,,,,*#.§§Z§ZZ.)#
*******#..§§§ZZ..# *
#...)).)..#******* **
#......)..#,,,,,,* ,***
#.........#,,,,,,* *******
,,,*** #.........#,,,,,,*
*,,,,,,
,,,,,**#.........#,,,,,,*
*,,,,,,


You could see a yaktaur captain, a vault warden zombie (ally target), 5 friendly
deep troll zombies, a friendly necromancer zombie and 5 friendly ironbound
preserver zombies.

Vanquished Creatures
  Mara (Shoals:4)
  A bone dragon (Abyss:2)
  2 liches (Abyss:1)
  4 tentacled starspawn
  An Executioner (Abyss:1)
  A nagaraja (Snake:4)
  A frost giant (D:11)
  A cacodemon (Abyss:2)
  An orc warlord (Orc:2)
  5 ironbound preservers
  2 very ugly things (Abyss:2)
  A dire elephant (Vaults:1)
  An ironbound thunderhulk (Vaults:2)
  4 merfolk impalers
  The ghost of purpskrrrp the Fighter, a journeyman TrMo of Ashenzari (D:10)
  An ettin (Orc:1)
  3 great orbs of eyes
  The ghost of markstv the Frost Mage, a journeyman HuIE of Vehumet (D:12)
  A yaktaur captain (Vaults:1)
  A salamander tyrant (Snake:4)
  A vault guard (Vaults:2)
  A rakshasa (Abyss:2)
  4 boulder beetles
  A catoblepas (Lair:5)
  2 merfolk avatars
  5 hydras
  2 anacondas
  An ironbound frostheart (Vaults:1)
  2 alligators (Snake:3)
  8 centaur warriors
  2 naga warriors
  2 satyrs
  A tengu warrior (D:12)
  2 two-headed ogres
  4 death yaks (Lair:3)
  The ghost of amoryguerra the Cleaver, a novice MiBe of Trog (D:8)
  2 alligator snapping turtles
  A thrashing horror (Abyss:1)
  Urug (D:12)
  A spectral human (Vaults:2)
  An orc high priest (Orc:2)
  3 shock serpents
  4 naga sharpshooters
  2 sun demons (Abyss:1)
  4 wretched stars
  A goliath frog (Snake:3)
  4 sea snakes (Shoals:4)
  A sixfirhy (Abyss:1)
  A swamp dragon (shapeshifter) (D:14)
  A salamander mystic (Snake:1)
  6 naga ritualists
  An anaconda zombie (Snake:3)
  An orange crystal statue (D:10)
  14 deep trolls
  2 wizards (Vaults:1)
  10 harpies
  A lindwurm (Lair:5)
  2 ironbound convokers (Vaults:1)
  An orc knight (D:12)
  2 mana vipers
  2 swamp dragons (Snake:3)
  6 ugly things
  5 fauns
  4 cyclopes
  A will-o-the-wisp (Abyss:2)
  An oklob plant (Lair:4)
  14 manticores
  A human zombie (Vaults:2)
  11 salamanders
  4 worldbinders
  5 elephants (Lair:3)
  A spectral mana viper (Snake:1)
  9 black mambas
  2 merfolk sirens
  2 guardian serpents
  9 naga magi
  4 smoke demons (Abyss:1)
  2 water nymphs (Shoals:1)
  An apocalypse crab (Abyss:1)
  A centaur zombie (Abyss:1)
  An orange demon (Abyss:1)
  4 vault sentinels (Vaults:1)
  A gargoyle (D:12)
  2 torpor snails (Lair:5)
  6 komodo dragons
  3 rime drakes
  Psyche (D:8)
  A hellion (Abyss:1)
  A cane toad (Lair:3)
  6 yaktaurs
  2 efreet
  A redback zombie (Vaults:1)
  A kobold demonologist (D:10)
  A harpy zombie (Shoals:3)
  An ancient zyme (Abyss:2)
  9 merfolk
  A tengu conjurer (D:13)
  7 large abominations
  5 trolls
  6 wind drakes
  5 polar bears
  9 dream sheep
  10 blink frogs
  4 raiju
  A culicivora zombie (Vaults:1)
  An alligator zombie (Snake:3)
  A snapping turtle (Shoals:2)
  15 slime creatures
  A culicivora (shapeshifter) (D:14)
  16 starcursed masses
  A shadow (D:12)
  A spriggan (D:8)
  A culicivora (Vaults:1)
  3 water elementals
  A naga simulacrum (Abyss:1)
  4 wyverns
  32 yaks
  A vampire (D:12)
  2 wind drake zombies
  3 black mamba zombies
  3 dancing weapons
  4 wraiths
  2 ynoxinuls (Abyss:1)
  A basilisk (shapeshifter) (D:14)
  2 redbacks (Vaults:1)
  3 neqoxecs
  7 vampire mosquitoes
  2 steam dragons
  3 basilisks
  3 chaos spawn (Abyss:1)
  A warg (Lair:5)
  21 nagas
  A swamp worm (Snake:3)
  9 water moccasins
  8 hell hounds (Lair:5)
  A blink frog zombie (Abyss:2)
  An ice beast (D:4)
  8 black bears (Lair:5)
  17 orc warriors
  4 ogres
  16 wolves (Lair:5)
  A centaur (D:9)
  An elephant zombie (Lair:5)
  11 kobold brigands
  14 small abominations
  2 spectral chaos spawn (Abyss:1)
  2 gnoll sergeants
  8 bullfrogs
  2 necrophages (D:6)
  A hell hound zombie (Lair:5)
  An earth elemental (Abyss:2)
  3 scorpions
  6 wights
  A warg zombie (Lair:5)
  A yak zombie (Lair:4)
  19 killer bees
  3 electric eels
  8 howler monkeys
  2 wolf zombies (Lair:5)
  2 jellies (Abyss:1)
  A quasit (Abyss:2)
  2 black bear zombies (Lair:5)
  A basilisk zombie (Lair:5)
  12 orc priests
  7 hounds
  Crazy Yiuf (D:4)
  A gnoll bouda (D:7)
  An iron imp (Abyss:1)
  4 iguanas
  11 orc wizards
  2 naga zombies
  A howler monkey zombie (D:14)
  18 gnolls
  6 adders
  2 white imps
  2 ufetubi
  3 worms
  5 dart slugs
  60 orcs
  14 endoplasms
  13 giant cockroaches
  3 hobgoblins
  9 jackals
  24 kobolds
  9 quokkas
  12 ball pythons
  4 bats
  11 frilled lizards
  4 goblins
  11 rats
  9 briar patches (Snake:3)
  2 lurking horrors (Abyss:1)
  3 starspawn tentacles
870 creatures vanquished.

Vanquished Creatures (collateral kills)
  2 thorn hunters (Snake:3)
  3 nagarajas
  A vault warden (Vaults:2)
  A frost giant (Shoals:4)
  An ironbound preserver (Vaults:2)
  Aizul (Snake:2)
  A cacodemon (D:12)
  A very ugly thing (Abyss:2)
  An entropy weaver (Vaults:1)
  2 starcursed masses
  3 dire elephants (Vaults:1)
  An ettin (Orc:1)
  6 merfolk impalers (Shoals:4)
  A merfolk javelineer (Shoals:3)
  A great orb of eyes (Abyss:1)
  Fannar (D:10)
  A salamander tyrant (Snake:1)
  2 merfolk avatars (Shoals:4)
  3 hydras
  A satyr (Shoals:4)
  2 alligators (Snake:3)
  9 naga warriors
  6 anacondas
  A tengu warrior (D:14)
  2 merfolk aquamancers
  3 shock serpents
  6 naga sharpshooters
  A soul eater (Abyss:1)
  2 wretched stars (Abyss:1)
  A salamander mystic (Snake:1)
  6 sea snakes
  A sixfirhy (Abyss:1)
  5 deep trolls (Vaults:2)
  2 swamp dragons (Snake:3)
  2 naga ritualists (Snake:4)
  An orange crystal statue (Shoals:1)
  An ironbound convoker (Vaults:1)
  A necromancer (Vaults:2)
  7 harpies
  3 orc knights (Orc:2)
  4 cyclopes
  3 mana vipers (Snake:4)
  2 ugly things (Vaults:1)
  7 manticores
  2 oklob plants (Lair:4)
  A faun (Shoals:2)
  2 orc sorcerers (Orc:2)
  A worldbinder (Abyss:1)
  4 large abominations
  5 salamanders
  A slime creature (D:14)
  3 elephants (Lair:5)
  An apocalypse crab (Abyss:1)
  A black mamba (shapeshifter) (Abyss:1)
  A vault sentinel (Vaults:1)
  An iron dragon skeleton (Abyss:1)
  A merfolk siren (Shoals:2)
  6 naga magi
  33 black mambas
  A guardian serpent (Snake:3)
  2 water nymphs (Shoals:1)
  A yaktaur zombie (Vaults:2)
  11 cane toads
  A yaktaur (Vaults:1)
  3 komodo dragons
  A rime drake (Lair:4)
  3 ancient zymes
  A freezing wraith (Abyss:2)
  An ice devil (D:12)
  6 polar bears
  A harpy zombie (Abyss:1)
  2 wind drakes
  2 red devils
  2 tyrant leeches (Snake:3)
  3 trolls
  25 merfolk
  3 raiju
  5 snapping turtles
  4 dream sheep (Shoals:2)
  3 blink frogs
  A wraith (D:10)
  2 shadows
  5 flying skulls (Abyss:1)
  A ynoxinul (Abyss:2)
  5 water elementals
  2 wyverns
  A centaur simulacrum (D:14)
  A vampire (Abyss:1)
  A spriggan (D:8)
  A human (shapeshifter) (D:14)
  13 yaks
  A neqoxec (Abyss:1)
  5 vampire mosquitoes
  An acid dragon (D:14)
  27 nagas
  8 wargs
  6 water moccasins
  4 hell hounds (Lair:5)
  10 orc warriors
  8 black bears
  A swamp drake (Snake:3)
  2 ogres (Orc:1)
  3 wolves (Lair:5)
  3 centaurs
  A small abomination (Abyss:1)
  3 kobold brigands (D:10)
  Blork the orc (Orc:1)
  2 bullfrogs
  7 wights
  A killer bee (D:11)
  5 orc priests
  2 orc wizards (Orc:2)
  3 gnolls (Orc:1)
  A white imp (Abyss:1)
  An ufetubus (Abyss:1)
  6 orcs
  4 endoplasms (Lair:4)
  2 kobolds (D:9)
  A briar patch (Snake:3)
  A plant (Shoals:4)
409 creatures vanquished.

Vanquished Creatures (others)
  A spectral centaur (D:14)
  2 anaconda zombies
  A spectral merfolk (Shoals:4)
  5 centaur zombies
  4 shock serpent zombies
  A redback zombie (Vaults:1)
  2 sea snake zombies (Shoals:4)
  A hydra zombie (Snake:3)
  A mana viper zombie (Snake:4)
  7 harpy zombies
  2 alligator zombies (Snake:3)
  A great orb of eyes zombie (Abyss:1)
  2 guardian serpent zombies
  2 ugly thing zombies (Vaults:1)
  6 dancing weapons
  10 black mamba zombies
  A slime creature zombie (Vaults:1)
  A spectral hellion (Abyss:1)
  2 merfolk zombies
  2 deep troll zombies
  2 faun zombies (Shoals:4)
  A two-headed ogre zombie (D:14)
  3 cane toad zombies (Lair:5)
  A spectral efreet (Abyss:1)
  A spectral red devil (Abyss:2)
  A spectral smoke demon (Abyss:1)
  A swamp dragon zombie (Snake:3)
  A dream sheep zombie (Shoals:1)
  5 blink frog zombies
  A manticore zombie (Lair:5)
  7 vampire mosquito zombies
  A spectral ynoxinul (Abyss:1)
  A yaktaur zombie (Vaults:1)
  An apocalypse crab zombie (Abyss:1)
  A spectral neqoxec (Abyss:2)
  2 human zombies (Vaults:1)
  A komodo dragon zombie (Lair:5)
  A bullfrog (Lair:4)
  3 salamander zombies
  2 water moccasin zombies
  2 cyclops zombies
  10 yak zombies
  A troll zombie (Orc:1)
  3 raiju zombies
  5 wolf zombies (Lair:5)
  6 black bear zombies (Lair:5)
  2 bullfrog zombies
  A killer bee zombie (D:11)
  A spectral gnoll (Lair:5)
  21 naga zombies
  An acid dragon zombie (D:14)
  A kobold zombie (D:10)
  A swamp drake zombie (Snake:3)
  A steam dragon zombie (Lair:2)
  A jelly zombie (Abyss:1)
  A spectral iron imp (Abyss:1)
  2 spectral white imps (Abyss:1)
  An orc (D:6)
  A gnoll zombie (Orc:2)
  An endoplasm zombie (Lair:4)
  28 orc zombies
  A spectral ufetubus (Abyss:1)
  4 foxfires (Abyss:2)
  38 fungi
  147 plants
  4 starspawn tentacles
376 creatures vanquished.

Grand Total: 1655 creatures vanquished

Notes
Turn   | Place    | Note
-------+----------+-------------------------------------------
     0 | D:1      | Spectrina the Djinni Venom Mage began the quest for the
                  | Orb.
     0 | D:1      | Spectrina set off with the following spells memorised:
                  | Sting, Poisonous Vapours, Mephitic Cloud, Olgreb's Toxic
                  | Radiance.
     0 | D:1      | Reached XP level 1. HP: 15/15 MP: 0/0
   154 | D:1      | Reached XP level 2. HP: 5/21 MP: 0/0
   253 | D:1      | Reached skill level 3 in Spellcasting
   446 | D:2      | Reached XP level 3. HP: 10/25 MP: 0/0
   446 | D:2      | Learned a level 1 spell: Apportation
   923 | D:3      | Found a faded altar of an unknown god.
   957 | D:3      | Reached XP level 4. HP: 11/31 MP: 0/0
  1298 | D:4      | Reached skill level 4 in Spellcasting
  1322 | D:4      | Identified the +10 long sword of Causality {vamp, *Noise
                  | rElec rC+ Str+3}
  1332 | D:4      | Found a blossoming altar of Fedhas.
  1370 | D:4      | Found a runed translucent door.
  1371 | D:4      | Noticed Crazy Yiuf
  1395 | D:4      | Killed Crazy Yiuf
  1396 | D:4      | Reached XP level 5. HP: 4/35 MP: 0/0
  1396 | D:4      | Learned a level 2 spell: Wereblood
  1433 | D:4      | Found a sacrificial altar of Ru.
  1439 | D:4      | Noticed an ice beast
  1703 | D:5      | Entered Level 5 of the Dungeon
  1725 | D:5      | Found a staircase to the Ecumenical Temple.
  1736 | Temple   | Entered the Ecumenical Temple
  1842 | D:5      | Noticed an ogre
  1874 | D:5      | Reached XP level 6. HP: 28/40 MP: 0/0
  1885 | D:5      | Killed an ogre
  1886 | D:5      | Reached skill level 5 in Spellcasting
  1971 | D:5      | Found a glowing drain.
  1978 | Sewer    | Entered a sewer
  2151 | Sewer    | Reached XP level 7. HP: 41/45 MP: 0/0
  2151 | Sewer    | Learned a level 3 spell: Conjure Flame
  2274 | D:5      | Found a hazy altar of Hepliaklqana.
  2292 | D:5      | Reached skill level 6 in Spellcasting
  2449 | D:6      | Noticed a water moccasin
  2458 | D:6      | Killed a water moccasin
  2473 | D:6      | Found a burning altar of Makhleb.
  2603 | D:6      | Found Kaib's General Store.
  2612 | D:6      | Reached XP level 8. HP: 45/50 MP: 0/0
  2619 | D:6      | Reached skill level 7 in Spellcasting
  2636 | D:6      | Bought a scroll of immolation for 52 gold pieces
  2636 | D:6      | Bought a scroll of teleportation for 39 gold pieces
  2636 | D:6      | Bought a potion of might for 52 gold pieces
  2790 | D:5      | Noticed an angel
  2791 | D:5      | Found a glowing silver altar of Zin.
  2847 | D:7      | Reached skill level 1 in Fighting
  2851 | D:7      | Reached skill level 1 in Invocations
  2983 | D:7      | Noticed a wyvern
  2992 | D:7      | Killed a wyvern
  2993 | D:7      | Reached XP level 9. HP: 6/58 MP: 0/0
  2993 | D:7      | Learned a level 3 spell: Tukima's Dance
  3294 | D:7      | Found an ornate altar of the Wu Jian Council.
  3382 | D:9      | Reached skill level 8 in Spellcasting
  3440 | D:8      | Found a hide-covered altar of Uskayaw.
  3516 | D:8      | Found a white marble altar of Elyvilon.
  3647 | D:8      | HP: 3/60 [howler monkey (2)]
  3676 | D:8      | Noticed Psyche
  3679 | D:8      | Killed Psyche
  3937 | D:8      | Reached XP level 10. HP: 38/67 MP: 0/0
  3996 | D:8      | Found a runed translucent door.
  3999 | D:8      | Noticed amoryguerra's ghost (novice MiBe)
  4001 | D:8      | Identified the +5 trident of Ignis's Grace {vorpal, rF+
                  | Str+2 Int-5 Dex+3 SInv}
  4183 | D:9      | Found an iron altar of Okawaru.
  4317 | D:10     | Entered Level 10 of the Dungeon
  4328 | D:10     | Reached skill level 5 in Dodging
  4339 | D:10     | Reached skill level 9 in Spellcasting
  4356 | D:9      | Found a staircase to the Orcish Mines.
  4595 | D:7      | Found a snail-covered altar of Cheibriados.
  4739 | D:7      | Found a sparkling altar of Nemelex Xobeh.
  4739 | D:7      | Found a transporter.
  4739 | D:7      | Noticed a red ugly thing
  4740 | D:7      | Noticed a boulder beetle
  4832 | D:7      | Reached skill level 5 in Fighting
  4832 | D:7      | Reached XP level 11. HP: 68/75 MP: 0/0
  4832 | D:7      | Learned a level 5 spell: Summon Mana Viper
  4841 | D:7      | Reached skill level 5 in Invocations
  4848 | D:7      | Reached skill level 5 in Stealth
  5344 | D:5      | Found a stormy altar of Qazlal.
  5398 | D:5      | Identified the +6 sling "Vavah" {venom, *Corrode *Slow
                  | rPois Dex+9}
  5739 | D:9      | Found an opulent altar of Gozag.
  5741 | D:9      | Found a bloodstained altar of Trog.
  5832 | D:9      | Found a staircase to the Lair.
  7189 | D:10     | Noticed an orange crystal statue
  7229 | D:10     | Found a runed translucent gate.
  7229 | D:10     | Found a runed translucent gate.
  7237 | D:10     | Noticed a five-headed hydra
  7256 | D:10     | Killed a five-headed hydra
  7260 | D:10     | Noticed Fannar
  7269 | D:10     | Killed Fannar
  7270 | D:10     | Reached skill level 10 in Spellcasting
  7376 | D:10     | Found a runed translucent gate.
  7376 | D:10     | Noticed purpskrrrp's ghost (journeyman TrMo)
  7541 | D:10     | Found a basalt altar of Yredelemnul.
  7553 | D:10     | Became a worshipper of Yredelemnul the Dark
  7740 | Orc:1    | Entered Level 1 of the Orcish Mines
  7777 | Orc:2    | Entered Level 2 of the Orcish Mines
  7808 | Orc:1    | Noticed an ettin
  7818 | Orc:1    | Reached * piety under Yredelemnul
  7823 | Orc:1    | Killed an ettin
  7854 | Orc:1    | You are sucked into a shaft and drop 1 floor!
  7936 | Orc:2    | Reached XP level 12. HP: 67/84 MP: 0/0
  7941 | Orc:2    | Reached ** piety under Yredelemnul
  7961 | Orc:2    | Noticed an orc high priest
  7969 | Orc:2    | Noticed an orc warlord
  7970 | Orc:2    | Killed an orc high priest
  8010 | Orc:2    | Killed an orc warlord
  8046 | Orc:2    | Found a staircase to the Elven Halls.
  8135 | Orc:2    | Reached *** piety under Yredelemnul
  8175 | Orc:2    | Reached **** piety under Yredelemnul
  8193 | Orc:2    | Reached ***** piety under Yredelemnul
  8195 | Orc:2    | Found Fuasicwianar's Antique Armour Boutique.
  8209 | Orc:2    | Found Holoixt's Antique Weapon Boutique.
  8225 | Orc:2    | Found Gaahea's Book Boutique.
  8241 | Orc:2    | Found Ataromud's General Store.
  8249 | Orc:2    | Bought 3 scrolls of immolation for 192 gold pieces
  8249 | Orc:2    | Bought a potion of haste for 160 gold pieces
  8249 | Orc:2    | Bought a scroll of identify for 32 gold pieces
  8249 | Orc:2    | Bought a scroll of fear for 64 gold pieces
  8451 | Orc:1    | Noticed Blork the orc
  8457 | Orc:1    | Killed Blork the orc
  8463 | Orc:1    | Noticed an ettin
  8468 | Orc:1    | Reached skill level 11 in Spellcasting
  8477 | Orc:1    | Killed an ettin
  8815 | Lair:1   | Entered Level 1 of the Lair of Beasts
  9298 | Lair:1   | Reached XP level 13. HP: 73/91 MP: 0/0
  9298 | Lair:1   | Learned a level 5 spell: Freezing Cloud
  9495 | Lair:2   | Noticed a four-headed hydra
  9529 | Lair:2   | Killed a four-headed hydra
  9649 | Lair:2   | Noticed a five-headed hydra
  9656 | Lair:2   | Killed a five-headed hydra
  9700 | Lair:2   | Identified a scroll of acquirement
  9701 | Lair:2   | Acquired a manual of Spellcasting
  9718 | Lair:2   | Noticed a four-headed hydra
  9721 | Lair:2   | Killed a four-headed hydra
 10238 | Lair:3   | Found a staircase to the Shoals.
 10319 | Lair:3   | Found a staircase to the Snake Pit.
 10366 | Lair:3   | Reached skill level 12 in Spellcasting
 10845 | Lair:4   | Reached XP level 14. HP: 98/99 MP: 0/0
 10856 | Lair:4   | Reached ****** piety under Yredelemnul
 10878 | Lair:4   | Found a staircase to the Slime Pits.
 10878 | Lair:4   | Found a viscous altar of Jiyva.
 11067 | Lair:4   | Reached skill level 10 in Dodging
 11115 | Lair:4   | Reached skill level 13 in Spellcasting
 11286 | Lair:4   | Found a blossoming altar of Fedhas.
 11320 | Lair:5   | Entered Level 5 of the Lair of Beasts
 11674 | Lair:5   | Reached skill level 14 in Spellcasting
 11692 | Lair:5   | Acquired the +3 warlock's mirror {reflect}
 11692 | Lair:5   | Found the +3 warlock's mirror {reflect}
 11933 | Lair:5   | Reached skill level 1 in Shields
 11946 | Lair:5   | Reached XP level 15. HP: 43/107 MP: 0/0
 11946 | Lair:5   | Learned a level 6 spell: Statue Form
 12192 | Lair:5   | Identified the +9 mace "Ojayxt" {pain, Contam rElec rF+++
                  | Int-4}
 12258 | Lair:5   | Identified the ring of Vosalas {EV+4 Str+4}
 12340 | Snake:1  | Entered Level 1 of the Snake Pit
 12369 | Snake:1  | Reached skill level 10 in Fighting
 12476 | Snake:1  | Reached skill level 10 in Invocations
 12861 | Snake:1  | Reached skill level 15 in Spellcasting
 13168 | Snake:1  | Found the +3 salamander hide armour {Flames rF++ rC--}
 13523 | Snake:2  | Found Seridi's Jewellery Emporium.
 13676 | Snake:2  | Reached skill level 10 in Stealth
 13676 | Snake:2  | Reached XP level 16. HP: 110/115 MP: 0/0
 13755 | Snake:2  | Identified the +3 scale mail "Saqaniko" {Rampage +Inv
                  | Regen+ Int-2}
 13984 | Snake:2  | Noticed Aizul
 13997 | Snake:2  | Killed Aizul
 14531 | Snake:3  | Noticed a nagaraja
 14540 | Snake:3  | Killed a nagaraja
 14558 | Snake:3  | Reached skill level 5 in Shields
 14661 | Snake:2  | Bought an amulet of faith for 560 gold pieces
 15087 | Snake:3  | Noticed a thorn hunter
 15213 | Snake:3  | Reached skill level 16 in Spellcasting
 15215 | Snake:3  | Noticed a thorn hunter
 15235 | Snake:3  | Killed a thorn hunter
 15248 | Snake:3  | Killed a thorn hunter
 15485 | Snake:3  | Found Campec's Antique Weapon Emporium.
 15501 | Snake:3  | Bought a slimy dagger for 231 gold pieces
 15501 | Snake:3  | Identified the +5 dagger "Buaf" {freeze, rC+ SInv Stlth+}
                  | (You bought it in a shop on level 3 of the Snake Pit)
 15537 | Snake:3  | Reached XP level 17. HP: 121/121 MP: 0/0
 15537 | Snake:3  | Learned a level 7 spell: Storm Form
 15594 | Snake:4  | Entered Level 4 of the Snake Pit
 15732 | Snake:4  | Found Myhal's Jewellery Shop.
 15734 | Snake:4  | Found Fokhlexke's Assorted Antiques.
 15736 | Snake:4  | Found Kyti Wiu's General Store.
 15742 | Snake:4  | Bought a potion of curing for 105 gold pieces
 15744 | Snake:4  | Bought 3 scrolls of identify for 126 gold pieces
 15744 | Snake:4  | Bought 2 potions of curing for 126 gold pieces
 15744 | Snake:4  | Bought a scroll of teleportation for 63 gold pieces
 15744 | Snake:4  | Bought a potion of berserk rage for 105 gold pieces
 16071 | Snake:4  | Found Kaosa's Weapon Shop.
 16500 | Snake:4  | Got a serpentine rune of Zot
 16701 | Shoals:1 | Entered Level 1 of the Shoals
 16762 | Shoals:1 | Found Subb's Armour Shop.
 16781 | Shoals:1 | Found Xeajivu's Armour Shop.
 16832 | Shoals:1 | Found Vophil's Assorted Antiques.
 16882 | Shoals:1 | Bought 2 potions of heal wounds for 310 gold pieces
 16882 | Shoals:1 | Bought a potion of heal wounds for 155 gold pieces
 17001 | Shoals:1 | Found Amaxt's Jewellery Shoppe.
 17263 | Shoals:2 | Found Awuiruh's Antique Weapon Boutique.
 17526 | Shoals:2 | Reached XP level 18. HP: 101/130 MP: 0/0
 17791 | Shoals:3 | Reached skill level 17 in Spellcasting
 17976 | Shoals:4 | Entered Level 4 of the Shoals
 18028 | Shoals:4 | Noticed Mara
 18332 | Shoals:4 | Noticed Spectrina's illusion
 18338 | Shoals:4 | Killed Mara
 18551 | Shoals:4 | Identified the +8 glaive of the Past {speed, Dex+6}
 18748 | Shoals:4 | Got a barnacled rune of Zot
 18973 | Shoals:2 | Reached XP level 19. HP: 138/138 MP: 0/0
 18973 | Shoals:2 | Learned a level 6 spell: Iron Shot
 18974 | Shoals:2 | Reached XP level 20. HP: 144/144 MP: 0/0
 19208 | D:8      | Killed amoryguerra's ghost
 19558 | D:10     | Killed purpskrrrp's ghost
 19782 | D:11     | Reached XP level 21. HP: 139/150 MP: 0/0
 19782 | D:11     | Learned a level 7 spell: Dragon Form
 20448 | D:12     | Found a transporter.
 20460 | D:12     | Found a transporter.
 20498 | D:12     | Found a one-way gate to the infinite horrors of the Abyss.
 20498 | D:12     | Noticed markstv's ghost (journeyman HuIE)
 20509 | D:12     | Noticed Urug
 20519 | D:12     | Killed Urug
 20881 | D:12     | Killed markstv's ghost
 20950 | D:12     | Voluntarily entered the Abyss.
 21163 | Abyss:1  | Reached skill level 18 in Spellcasting
 21407 | Abyss:1  | Reached skill level 10 in Shields
 21467 | Abyss:1  | Reached skill level 15 in Dodging
 22038 | Abyss:2  | Noticed a bone dragon
 22049 | Abyss:2  | Killed a bone dragon
 22062 | Abyss:2  | Gained mutation: You are weak. (Str -2) [a cacodemon]
 22257 | Abyss:2  | Gained mutation: Potions are less effective at restoring
                  | your health. [a neqoxec]
 22262 | Abyss:2  | Lost mutation: Potions are less effective at restoring your
                  | health. [potion of mutation]
 22262 | Abyss:2  | Lost mutation: You are weak. (Str -2) [potion of mutation]
 22262 | Abyss:2  | Gained mutation: You have a somewhat thin skeletal
                  | structure. (Dex +2, Stealth+) [potion of mutation]
 22262 | Abyss:2  | Gained mutation: You are weak. (Str -2) [potion of
                  | mutation]
 22262 | Abyss:2  | Gained mutation: You have a pair of small horns on your
                  | head. [potion of mutation]
 22580 | D:12     | Escaped the Abyss
 22942 | D:14     | Found Baxaraph's Self-Improvement Boutique.
 22991 | D:14     | Noticed Nessos
 23052 | D:14     | Found a gate to the Vaults.
 23151 | D:14     | Killed Nessos
 23151 | D:14     | Enslaved Nessos
 23195 | D:14     | Identified the +0 robe "Husutwiq" {rN+ Regen+ Str-5 Stlth+}
 23232 | D:14     | Your ally Nessos died
 23354 | Vaults:1 | Entered Level 1 of the Vaults
 23534 | Vaults:1 | Reached XP level 22. HP: 120/158 MP: 0/0
 23811 | Vaults:1 | Upgraded the game from 0.30-a0-23-ge60ba3568b to
                  | 0.30-a0-29-g142975f185
 23904 | Vaults:1 | Found a portal to a secret trove of treasure.
 24597 | Vaults:2 | Shot with a bolt by a yaktaur captain

Illustrated notes

Levels and vault maps discovered:
D:1:      dpeg_arrival_windows_large_door, layout_basic
D:2:      minmay_inner_zag, layout_basic, lightli_corner_chamber
D:3:      layout_basic, basic_ecumenical_altar
D:4:      layout_cave_pools, kennysheep_little_box,
          nicolae_ru_sacrificial_ziggurat, uniq_crazy_yiuf_cottage
D:5:      layout_basic, mainiacjoe_overflow_surrounded_room,
          mainiacjoe_overflow_alcove_4, lemuel_round_altar, zin_angel,
          minmay_temple_entry_ruins, gup_sewer_entry_bubbles, serial_park_tiny_2
D:6:      layout_cave_pods, mainiacjoe_overflow_tiny_flanked, serial_shops,
          nicolae_diamond_shop
D:7:      layout_basic, lemuel_doored_altar, amcnicky_altar_gilded,
          grunt_nemelex_the_gamble
D:8:      layout_loops_ring, elyvilon_altar_1,
          nicolae_uskayaw_murder_on_the_dancefloor, ebering_ghost_funeral_grove,
          roderic_serpentine_path, nicolae_hexahallways, uniq_psyche
D:9:      layout_roguey, okawaru_altar_gauntlet_db, jmf_multi_god_temple,
          david_lair_generic
D:10:     layout_small_grid, yredelemnul_altar_generic,
          gammafunk_ghost_nasty_kobolds, minivault_16, roderic_roman_lattice,
          uniq_fannar
D:11:     layout_layer_cave, kennysheep_island_fort
D:12:     layout_stronghold, gammafunk_ghost_abyssal_escape, uniq_urug
D:13:     layout_basic
D:14:     minmay_opposing_rooms, layout_cave_pools, david_vaults_2,
          nicolae_shop_self_help, uniq_nessos
Temple:   hellmonk_temple_flake
Lair:1:   layout_cave_pods
Lair:2:   layout_regular_city, serial_bayou, serial_bayou_pond_a,
          serial_bayou_ford_a, serial_bayou_pond_d, serial_bayou_shore_a,
          grunt_forest_stairs_basic, minivault_25
Lair:3:   layout_chaotic_city, minmay_shoals_entry_beasts,
          guppyfry_snake_entry_garden, nicolae_quartered_pool_little,
          grunt_megastairs_2
Lair:4:   layout_cave_pods, nicolae_slime_entry_slimehenge,
          hangedman_tree_tricks, grunt_megastairs_5, serial_bayou_shore_b,
          infiniplex_staircase_pool_2
Lair:5:   hangedman_lair_caniforms_friends, layout_gridlike,
          hangedman_lair_in_review, bh_autumn_forest_stairs,
          chequers_serial_rivers_micro_e, nicolae_lair_lil_pond,
          gammafunk_lair_bear_cave
Shoals:1: layout_shoals, serial_shops, shop_fountains, shop, shop,
          nicolae_lakefront_shop, dpeg_stationary_puzzle
Shoals:2: layout_shoals, serial_shops, nicolae_shop_hallway_stairs
Shoals:3: layout_shoals, nicolae_shoals_lost_giant_baths
Shoals:4: shoals_end_grunt_ice, layout_shoals, nicolae_shoals_seven_spires,
          uniq_mara
Snake:1:  layout_chambers, basic_altar, hellmonk_guarded_unrand_salamander
Snake:2:  layout_onion_interference, serial_shops, shop_statue, uniq_aizul
Snake:3:  onia_ninara_swampy_vault, layout_grid_maze, serial_shops,
          nicolae_shop_waterfront
Snake:4:  minmay_snake_end_coiled, layout_cave_town, serial_shops,
          nicolae_shop_bloodbath_and_beyond, grunt_ministairs_8,
          minmay_shop_star
Orc:1:    layout_diamond_mine, sword_in_stone
Orc:2:    grunt_orc_cross, layout_diamond_mine
Vaults:1: ontoclasm_vaults_chip, hangedman_vaults_locks, nicolae_vaults_big_ls,
          v_pattern_4, grunt_vaults_funnel, v_misc_17,
          vaults_standard_mumra_enter_the_diamond,
          nicolae_vaults_ring_of_whatevers, nicolae_vaults_rhombus_5,
          vaults_dpeg_hooks, layout_vaults_omnibox, nicolae_trove_entry_isolated
Vaults:2: mu_enter_wizlab_3, nicolae_vaults_triangles, v_rooms_6,
          hangedman_vaults_snaps, ontoclasm_vaults_ring_small,
          ontoclasm_vaults_misaligned, dpeg_vaults_monster_row, v_misc_13,
          hangedman_vaults_cutoff, v_misc_17, vaults_room_guarded_vault,
          nicolae_vaults_rhombus_5, hangedman_vaults_corner_blocks,
          vaults_room_corners, layout_vaults_omnicross

Skill      XL: |  1  2  3  4  5  6  7  8  9 10 11 12 13 14 15 16 17 18 19 20 21 22 |
---------------+-------------------------------------------------------------------+-----
Spellcasting   | 3 4 5 6 7 8 9 10 11 12 14 15 16 17 18 | 18.9
Stealth        | 2 3 4 6 7 8 9 10 | 10.0
Fighting       | 1 3 5 6 7 8 9 10 11 12 13 14 | 14.7
Invocations    | 1 3 4 6 7 8 9 10 11 12 13 14 | 14.6
Dodging        | 3 4 6 7 8 9 10 11 12 13 14 15 16 | 16.0
Shields        | 1 4 6 7 9 10 11 | 11.3

Action                   |  1- 3 |  4- 6 |  7- 9 | 10-12 | 13-15 | 16-18 | 19-21 | 22-24 || total
-------------------------+-------+-------+-------+-------+-------+-------+-------+-------++-------
Melee: Unarmed           |     1 |       |       |       |       |    17 |    14 |     5 ||    37
       Rapier            |     4 |     9 |       |       |       |       |       |       ||    13
       Long sword        |       |    96 |   104 |   112 |       |       |       |       ||   312
       Quarterstaff      |       |     7 |       |       |       |       |       |       ||     7
       Punch             |       |     2 |     3 |     3 |       |     1 |       |     1 ||    10
       Halberd           |       |       |       |    32 |       |       |       |       ||    32
       Trident           |       |       |       |       |       |     3 |       |       ||     3
       Dagger            |       |       |       |       |       |       |     3 |       ||     3
       Staff             |       |       |       |       |       |       |     1 |       ||     1
       Demon trident     |       |       |       |       |       |       |       |     5 ||     5
       Headbutt          |       |       |       |       |       |       |       |     2 ||     2
 Fire: Sling             |       |       |       |     2 |       |       |       |       ||     2
 Cast: Sting             |    56 |    16 |    11 |     9 |    36 |    32 |     3 |       ||   163
       Poisonous Vapours |     2 |     7 |     7 |    37 |    42 |    60 |    22 |     6 ||   183
       Mephitic Cloud    |       |     2 |     2 |     9 |     1 |     1 |       |       ||    15
       Olgreb's Toxic Ra |       |     4 |    17 |    93 |    70 |    80 |    32 |    15 ||   311
       Conjure Flame     |       |       |    11 |    10 |     2 |       |       |       ||    23
       Wereblood         |       |       |     7 |     6 |     1 |       |     1 |       ||    15
       Tukima's Dance    |       |       |     5 |    61 |    11 |    21 |       |       ||    98
       Summon Mana Viper |       |       |       |    28 |    44 |    45 |    28 |     4 ||   149
       Freezing Cloud    |       |       |       |       |   132 |   148 |    57 |     9 ||   346
       Statue Form       |       |       |       |       |     4 |     4 |     2 |       ||    10
       Apportation       |       |       |       |       |       |     2 |       |       ||     2
       Storm Form        |       |       |       |       |       |     2 |     2 |     1 ||     5
       Iron Shot         |       |       |       |       |       |       |   234 |    55 ||   289
Invok: Recall Undead Har |       |       |       |     1 |    12 |    63 |    24 |     4 ||   104
       Bind Soul         |       |       |       |     1 |     3 |     2 |     2 |     2 ||    10
       Drain Life        |       |       |       |       |     1 |       |       |       ||     1
       Dark Bargain      |       |       |       |       |       |    17 |     6 |       ||    23
       Stop Recall       |       |       |       |       |       |     2 |       |       ||     2
 Abil: End Transformatio |       |       |       |       |     2 |     3 |     4 |     1 ||    10
       Blinkbolt         |       |       |       |       |       |       |     1 |       ||     1
Evoke: Wand              |       |       |       |       |     1 |       |     1 |       ||     2
  Use: Scroll            |       |       |     6 |     7 |    11 |     8 |     6 |     1 ||    39
       Potion            |       |       |     2 |     2 |       |     4 |    10 |       ||    18
 Stab: Sleeping          |       |     2 |     1 |     4 |       |       |       |       ||     7
       Invisible         |       |       |     1 |     2 |       |       |       |       ||     3
       Confused          |       |       |       |     2 |       |       |       |       ||     2
       Distracted        |       |       |       |     1 |       |     1 |       |     2 ||     4
       Paralysed         |       |       |       |       |       |     1 |       |       ||     1
Armor: Robe              |     7 |    40 |    49 |     2 |       |       |       |       ||    98
       Troll leather arm |       |       |       |    66 |    22 |    36 |    33 |     7 ||   164
       Skin              |       |       |       |       |    12 |    19 |     1 |       ||    32
Dodge: Dodged            |    21 |    62 |    94 |   163 |    95 |   152 |    64 |    36 ||   687
Block: Buckler           |       |       |       |       |    19 |    70 |    42 |    28 ||   159
       Reflection        |       |       |       |       |     2 |    10 |    10 |    14 ||    36

Table legend: (Time is in decaauts)
 A = Elapsed time spent in this place.
 B = Non-inter-level travel time spent in this place.
 C = Inter-level travel time spent in this place.
 D = Time resting spent in this place.
 E = Time spent auto-exploring this place.
 F = Levels seen in this place.
 G = Mean time per level.
                   A        B        C        D        E       F      G
               +--------+--------+--------+--------+--------+-----+--------+
         Total |  24945 |  21708 |   3237 |      0 |      0 |  35 |  712.7 |
       Dungeon |  10212 |   8630 |   1582 |      0 |      0 |  14 |  729.4 |
        Temple |     82 |     82 |      0 |      0 |      0 |   1 |   82.0 |
          Lair |   3655 |   3201 |    454 |      0 |      0 |   5 |  731.0 |
        Shoals |   2342 |   2100 |    242 |      0 |      0 |   4 |  585.5 |
     Snake Pit |   4497 |   3874 |    623 |      0 |      0 |   4 | 1124.2 |
  Orcish Mines |   1068 |    964 |    104 |      0 |      0 |   2 |  534.0 |
        Vaults |   1241 |   1009 |    232 |      0 |      0 |   2 |  620.5 |
         Abyss |   1617 |   1617 |      0 |      0 |      0 |   2 |  808.5 |
         Sewer |    226 |    226 |      0 |      0 |      0 |   1 |  226.0 |
               +--------+--------+--------+--------+--------+-----+--------+

Top non-repeatable levels by time:
 Snake:2: 1270 daAuts
 Snake:3: 1248 daAuts
     D:8: 1153 daAuts
Vaults:1: 1152 daAuts
 Snake:1: 1068 daAuts
     D:7: 1006 daAuts
  Lair:5: 966 daAuts
 Abyss:1: 911 daAuts
 Snake:4: 909 daAuts
Shoals:4: 885 daAuts
    D:10: 862 daAuts
     D:9: 853 daAuts
     D:5: 851 daAuts
     D:6: 805 daAuts
     D:1: 726 daAuts
